Map: Void Training Stage 3

Players

GetRektSon

  • Race: Protoss Protoss
  • Spawn Location: 12:00

Player 2 - Winner!

  • Race: Zerg Zerg
  • Spawn Location: 6:00

VOD

Have the link to the VOD?

Description

Time

  • Played on: Nov. 15, 2017, 11:57 a.m.
  • Length: 8:01
Show
View Real Time Build Order
Export as new Build Order

GetRektSon Protoss 

Build Orders:  

Get SALT Encoding   

  12  0:03  Probe  
  13  0:15  Pylon  
  13  0:20  Probe  
  14  0:32  Probe  
  15  0:41  Assimilator  
  15  0:47  Probe  
  16  0:59  Probe  
  16  1:04  Gateway  
  17  1:11  Probe  
  18  1:23  Probe  
  18  1:25  Assimilator  
  19  1:37  Probe  
  20  1:49  Probe  
  20  1:53  Zealot  
  23  2:02  Pylon  
  23  2:20  Zealot  
  23  2:21  Probe  
  26  2:33  Probe  
  27  2:42  Nexus  
  27  2:45  Probe  
  27  2:47  Pylon  
  27  2:48  Zealot  
  30  2:59  Assimilator  
  30  3:04  Assimilator  
  30  3:05  Pylon  
  30  3:10  Probe  
  31  3:15  Zealot  
  33  3:22  Probe  
  35  3:34  Probe (Chrono Boost)  
  36  3:42  Zealot  
  36  3:45  Probe (Chrono Boost)  
  36  3:48  Probe  
  39  3:56  Probe  
  39  4:00  Probe  
  41  4:08  Probe  
  42  4:14  Gateway  
  42  4:16  Zealot  
  44  4:20  Probe x2  
  46  4:32  Probe x2  
  48  4:43  Zealot  
  48  4:45  Probe x2  
  52  4:57  Probe  
  53  5:10  Probe  
  54  5:24  Probe  
  55  5:33  Zealot  
  57  5:36  Probe  
  58  5:42  Pylon  
  58  5:48  Probe  
  59  5:53  Forge  
  59  6:00  Zealot  
  59  6:03  Probe (Chrono Boost)  
  63  6:11  Probe (Chrono Boost)  
  63  6:17  Probe  
  64  6:19  Cybernetics Core  
  64  6:23  Zealot  
  66  6:27  Zealot  
  66  6:30  Probe  
  69  7:02  Pylon  
  69  7:04  Pylon  
  69  7:08  Pylon, Nexus  
  69  7:15  Zealot  
  69  7:18  Zealot  
Show
View Real Time Build Order
Export as new Build Order

Player 2 Zerg - Winner!

Build Orders: Pool First 

Get SALT Encoding   

  12  0:00  Drone  
  13  0:12  Overlord  
  13  0:18  Drone  
  14  0:31  Drone  
  14  0:33  Drone  
  16  0:43  Spawning Pool  
  16  0:45  Drone  
  16  0:50  Drone  
  16  0:52  Extractor  
  16  0:56  Drone  
  17  1:06  Overlord  
  17  1:31  Zergling x2  
  17  1:32  Queen  
  20  1:38  Drone  
  21  1:40  Roach Warren, Extractor  
  19  1:47  Zergling x2  
  19  1:49  Drone  
  21  2:00  Drone  
  22  2:11  Overlord  
  22  2:21  Lair  
  22  2:22  Roach  
  24  2:37  Roach  
  26  2:53  Roach  
  26  2:56  Overlord  
  28  3:09  Roach  
  30  3:24  Drone, Roach  
  33  3:29  Drone  
  34  3:38  Overlord  
  34  3:42  Hydralisk Den  
  33  3:51  Drone  
  33  3:54  Drone  
  35  3:59  Drone  
  36  4:03  Drone  
  36  4:07  Drone  
  38  4:12  Hydralisk  
  38  4:16  Baneling Nest  
  39  4:18  Drone  
  40  4:26  Evolution Chamber  
  40  4:27  Drone  
  40  4:28  Hydralisk  
  42  4:43  Hydralisk  
  44  6:37  Drone, Overseer, Roach  
  44  6:38  Overlord, Queen, Overseer  
  44  6:39  Spore Crawler  
  48  6:40  Spore Crawler, Drone  
  48  6:42  Infestation Pit  
  48  6:43  Drone  
  48  6:44  Spire  
  48  6:46  Drone  
  48  6:47  Hatchery, Evolution Chamber  
  48  6:49  Hydralisk, Drone  
  48  6:52  Drone  
  50  6:55  Drone  
  51  7:04  Spine Crawler  
  51  7:05  Drone  
  51  7:06  Spine Crawler  
  51  7:08  Drone  
  50  7:29  Roach  
Tags
 
Add a new tag
Caveats
  • Supply blocks, unpowered buildings, or Contaminate may cause inaccurate times.
  • Supply counts are checked every 10 seconds.